 Dungeon Crawl Stone Soup version 0.29-a0-551-gffc1d7fb78 (webtiles) character file.

Game seed: 16100288413335510131

477 xian the Slasher (level 6, 0/47 HPs)
             Began as a Demonspawn Gladiator on June 5, 2022.
             Was an Initiate of Gozag.
             Slain by Pikel
             ... wielding a +2 whip of flaming
              (6 damage)
             ... on level 4 of the Dungeon.
             The game lasted 00:09:44 (2590 turns).

xian the Slasher (Demonspawn Gladiator)             Turns: 2590, Time: 00:09:45

Health: 0/47       AC: 13    Str: 16    XL:     6   Next: 85%
Magic:  6/6        EV: 13    Int:  9    God:    Gozag
Gold:   175        SH:  0    Dex: 15    Spells: 5/5 levels left

rFire   . . .      SeeInvis .   q - +0 short sword (venom)
rCold   . . .      Faith    .   (no shield)
rNeg    . . .      Spirit   .   b - +0 leather armour
rPois   .          Reflect  .   c - +0 helmet
rElec   .          Harm     .   m - +0 cloak
rCorr   .          Rampage  .   l - +1 pair of gloves
Will    .....                   (no boots)
Stlth   ++........              (no amulet)
HPRegen 0.95/turn               (no ring)
MPRegen 0.10/turn               (no ring)

@: sanguine armoured, hasted, very quick
A: demonic guardian 1, sanguine armour 1, weakness stinger 1, regeneration 1,
wild magic 1
a: Renounce Religion, Potion Petition, Call Merchant, Bribe Branch


You were on level 4 of the Dungeon.
You worshipped Gozag.
Gozag was aware of your devotion.
You visited 2 branches of the dungeon, and saw 5 of its levels.

You collected 245 gold pieces.
You paid 70 gold pieces to Gozag.

Inventory:

Hand Weapons
 q - a +0 short sword of venom (weapon)
Missiles
 d - 3 throwing nets
 e - a javelin (quivered)
Armour
 b - a +0 leather armour (worn)
 c - a +0 helmet (worn)
 l - a +1 pair of gloves (worn)
 m - a +0 cloak (worn)
Scrolls
 a - 2 scrolls of identify
 g - a scroll of vulnerability
 o - 4 scrolls of amnesia
Potions
 f - 2 potions of flight
 h - a potion of berserk rage {unknown}
 i - 2 potions of brilliance
 j - a potion of mutation
 k - a potion of heal wounds
 n - a potion of invisibility
 r - a potion of curing


   Skills:
 + Level 3.2 Fighting
 + Level 0.4(3.1) Short Blades
 + Level 5.0(5.1) Long Blades
 + Level 1.8 Throwing
 + Level 2.3 Armour
 + Level 3.9 Dodging
 + Level 1.4 Stealth


You had 5 spell levels left.
You didn't know any spells.
Your spell library contained the following spells:

 Spells                   Type           Power      Damage    Failure   Level
 Blink                    Tloc           0%         N/A       67%         2
 Frozen Ramparts          Ice            0%         1d2       87%         3
 Lesser Beckoning         Tloc           0%         N/A       87%         3
 Ice Form                 Ice/Tmut       0%         N/A       99%         4
 Summon Ice Beast         Ice/Summ       0%         N/A       99%         4
 Manifold Assault         Tloc           0%         N/A       100%        5
 Storm Form               Tmut/Air       0%         N/A       100%        7


Dungeon Overview and Level Annotations

Branches:
Dungeon (4/15)             Temple (1/1) D:4

Altars:
Ashenzari
Cheibriados
Dithmenos
Elyvilon
Gozag
Kikubaaqudgha
Makhleb
Nemelex Xobeh
Qazlal
Trog
Vehumet
Yredelemnul
Zin

Annotations:
D:4 Pikel


Innate Abilities, Weirdness & Mutations

A weak demonic guardian rushes to your aid.
When seriously injured, your blood forms armour. (AC +6)
You have a small tail.
Your natural rate of healing is unusually fast.
Your spells are a little harder to cast, but a little more powerful.


Message History

The lemure hits you.
A lemure comes into view.
Pikel hits you with a +2 whip of flaming!
Pikel burns you.
You barely miss Pikel. You closely miss Pikel. Pikel closely misses you.
The lemure hits you. x2
You closely miss Pikel. The lemure barely misses you.
Pikel hits you with a +2 whip of flaming.
Pikel burns you.
Your blood congeals into armour.
The lemure hits you but does no damage.
You hit Pikel but do no damage.
Pikel is poisoned.
You closely miss Pikel.
Your blood armour dries and flakes away.
The lemure closely misses you.
Pikel hits you with a +2 whip of flaming.
Your blood congeals into armour.
Pikel burns you.
The lemure hits you but does no damage. x2
You closely miss Pikel. You tail-slap Pikel, but do no damage.
Pikel is lightly wounded.
The lemure barely misses you. The lemure closely misses you.
Pikel hits you with a +2 whip of flaming.
Pikel burns you. The lemure hits you.
A demonic guardian appears!
You hit Pikel but do no damage.
Pikel looks as sick as possible!
You hit Pikel.
Pikel looks as sick as possible!
Pikel is lightly wounded.
Your quasit closely misses the lemure. x3
The lemure hits you but does no damage.
Pikel hits you with a +2 whip of flaming.
Pikel burns you. The lemure barely misses you.
The lemure completely misses you.
You barely miss Pikel.
Pikel is moderately wounded.
Your quasit barely misses the lemure.
Your quasit claws the lemure but does no damage.
Your quasit barely misses the lemure.
The lemure hits you but does no damage.
Pikel hits you with a +2 whip of flaming!
* * * LOW HITPOINT WARNING * * *
Pikel burns you.
You die...
Your body crumbles into a pile of gold.

##### ....####### .....
......)...# ..... ..........#
..... ..........# .....
..........###+##
.############......#...##
.#..........#......#....#
.#..........#..)55.#....#
.###.###..###.>.@K5#'#####+##
...#.##########'#5.$.........
...#......#.....#5...........
...+......#.....+............
...##........................
...........≈≈≈≈≈......#######
.........≈≈≈≈≈≈≈≈≈....#
.......≈≈≈≈≈≈≈≈≈≈≈≈≈..+
......≈≈≈≈≈≈≈≈≈≈≈≈≈≈≈.#


You could see Pikel (extremely poisoned), 4 lemures and a friendly quasit
(summoned).

Vanquished Creatures
  An ogre (D:4)
  A howler monkey (D:4)
  2 iguanas (D:4)
  An orc wizard (D:3)
  A gnoll (D:1)
  2 adders (D:4)
  A worm (D:2)
  A dart slug (D:3)
  5 orcs (D:3)
  A bat (D:1)
  4 endoplasms
  5 giant cockroaches
  7 hobgoblins
  2 kobolds
  A quokka (D:1)
  7 ball pythons
  3 frilled lizards
  2 goblins
  6 rats
53 creatures vanquished.

Vanquished Creatures (collateral kills)
  Sigmund (D:3)
  3 adders
  A hobgoblin (D:3)
  A frilled lizard (D:3)
6 creatures vanquished.

Grand Total: 59 creatures vanquished

Notes
Turn   | Place    | Note
-------+----------+-------------------------------------------
     0 | D:1      | xian the Demonspawn Gladiator began the quest for the Orb.
     0 | D:1      | Reached XP level 1. HP: 16/16 MP: 1/1
   230 | D:1      | Gained mutation: You have a small tail. [demonic ancestry]
   230 | D:1      | Reached XP level 2. HP: 9/22 MP: 2/2
   590 | D:1      | Reached skill level 3 in Long Blades
   913 | D:1      | Gained mutation: A weak demonic guardian rushes to your
                  | aid. [demonic ancestry]
   913 | D:1      | Reached XP level 3. HP: 27/27 MP: 3/3
  1229 | D:2      | Found a faded altar of an unknown god.
  1256 | D:2      | Gained mutation: You are dopey. (Int -2) [potion of
                  | mutation]
  1256 | D:2      | Gained mutation: Your natural rate of healing is unusually
                  | fast. [potion of mutation]
  1256 | D:2      | Lost mutation: You are dopey. (Int -2) [potion of mutation]
  1256 | D:2      | Gained mutation: Your spells are a little harder to cast,
                  | but a little more powerful. [potion of mutation]
  1592 | D:3      | Found a broken altar of Ashenzari.
  1655 | D:3      | Gained mutation: When seriously injured, your blood forms
                  | armour. (AC +6) [demonic ancestry]
  1655 | D:3      | Reached XP level 4. HP: 30/34 MP: 4/4
  1657 | D:3      | Noticed Sigmund
  1673 | D:3      | Killed Sigmund
  1674 | D:3      | Reached skill level 4 in Long Blades
  1674 | D:3      | Reached skill level 1 in Armour
  1674 | D:3      | Reached skill level 1 in Stealth
  1674 | D:3      | Reached XP level 5. HP: 33/40 MP: 5/5
  1766 | D:3      | Reached XP level 6. HP: 32/46 MP: 6/6
  2377 | D:4      | Found a staircase to the Ecumenical Temple.
  2398 | Temple   | Entered the Ecumenical Temple
  2425 | Temple   | Became a worshipper of Gozag Ym Sagoz the Greedy
  2531 | D:4      | Reached skill level 5 in Long Blades
  2569 | D:4      | Noticed Pikel
  2590 | D:4      | Slain by Pikel

Illustrated notes

Levels and vault maps discovered:
D:1:      giann_forest_graveyard, layout_basic, dk_noncrumbling_4
D:2:      layout_basic, basic_altar, dreamdust_ecumenical_altar_grove,
          hex_intersection, minmay_misc_feat_roman
D:3:      layout_basic, old_standard_altar, uniq_sigmund
D:4:      layout_gridville, temple_pool_b, serial_shops, kennysheep_little_box,
          serial_glass, glass_columns_b, glass_columns_b,
          gammafunk_ghost_necromancy, glass_columns_a, uniq_pikel,
          uniq_crazy_yiuf_cottage, uniq_grinder
Temple:   pdpol_scorched_temple

Skill      XL: |  1  2  3  4  5  6 |
---------------+-------------------+-----
Dodging        | 3 |  3.9
Long Blades    | 3 4 5 |  5.0
Armour         | 1 2 |  2.3
Stealth        | 1 |  1.4
Fighting       | 3 |  3.2
Short Blades   | |  0.4
Throwing       | |  1.8

Action                   |  1- 3 |  4- 6 || total
-------------------------+-------+-------++-------
Melee: Long sword        |    89 |    37 ||   126
       Tailslap          |     9 |    19 ||    28
       Short sword       |       |    57 ||    57
       Punch             |       |     2 ||     2
Throw: Javelin           |       |     3 ||     3
  Use: Scroll            |     5 |     7 ||    12
       Potion            |     2 |     1 ||     3
 Stab: Sleeping          |     3 |       ||     3
Armor: Leather armour    |    44 |    35 ||    79
Dodge: Dodged            |    87 |    83 ||   170

Table legend: (Time is in decaauts)
 A = Elapsed time spent in this place.
 B = Non-inter-level travel time spent in this place.
 C = Inter-level travel time spent in this place.
 D = Time resting spent in this place.
 E = Time spent auto-exploring this place.
 F = Levels seen in this place.
 G = Mean time per level.
                   A        B        C        D        E       F      G
               +--------+--------+--------+--------+--------+-----+--------+
         Total |   2619 |   2515 |    104 |      0 |   1695 |   5 |  523.8 |
       Dungeon |   2555 |   2470 |     85 |      0 |   1681 |   4 |  638.8 |
        Temple |     63 |     44 |     19 |      0 |     14 |   1 |   63.0 |
               +--------+--------+--------+--------+--------+-----+--------+

Top non-repeatable levels by time:
     D:1: 1041 daAuts
     D:3: 627 daAuts
     D:2: 516 daAuts
     D:4: 370 daAuts
  Temple: 63 daAuts
